Map: 데스오라 - 래더

Players

ShoWTimE

  • Race: Protoss Protoss
  • Spawn Location: 5:00

Solar - Winner!

  • Race: Zerg Zerg
  • Spawn Location: 11:00

Event: StayAtHomestory Cup #2

VOD

Have the link to the VOD?

Description

Time

  • Played on: June 12, 2020, 10:29 a.m.
  • Length: 13:34

All games in this series

Show
View Real Time Build Order
Export as new Build Order

ShoWTimE Protoss 

Build Orders: 1 Gate Expand, Oracle Opening, Phoenix Opening, Archon Immortal 

Get SALT Encoding   

  12  0:00  Probe  
  13  0:12  Probe  
  14  0:17  Pylon  
  14  0:24  Probe  
  15  0:32  Probe  
  15  0:37  Gateway  
  15  0:40  Probe  
  16  0:46  Assimilator  
  17  0:51  Probe  
  18  1:03  Probe  
  19  1:15  Probe  
  20  1:24  Nexus  
  20  1:27  Probe  
  21  1:37  Cybernetics Core  
  21  1:42  Assimilator  
  21  1:45  Probe  
  22  1:52  Pylon  
  22  1:57  Probe  
  23  2:03  Adept  
  23  2:10  Probe  
  26  2:16  Stargate  
  26  2:23  Probe  
  26  2:25  Warp Gate  
  27  2:31  Probe  
  27  2:32  Probe  
  27  2:33  Adept  
  31  2:40  Probe  
  31  2:41  Probe  
  32  2:49  Probe  
  32  2:51  Probe, Oracle  
  35  3:01  Probe  
  35  3:03  Probe  
  35  3:05  Pylon  
  40  3:13  Probe  
  40  3:15  Probe  
  42  3:22  Gateway  
  42  3:23  Phoenix  
  42  3:25  Probe  
  43  3:27  Probe  
  43  3:31  Assimilator  
  43  3:32  Assimilator  
  46  3:37  Probe  
  46  3:39  Probe  
  48  3:41  Pylon  
  48  3:43  Oracle  
  48  3:49  Probe  
  48  3:51  Probe  
  53  4:02  Probe  
  54  4:03  Probe  
  54  4:04  Robotics Facility  
  54  4:09  Pylon  
  55  4:14  Probe  
  55  4:15  Probe  
  57  4:17  Oracle  
  57  4:18  Adept x2  
  61  4:26  Probe  
  61  4:27  Probe  
  66  4:36  Pylon  
  66  4:38  Nexus, Probe  
  67  4:40  Probe  
  68  4:50  Sentry  
  70  4:53  Pylon  
  70  4:54  Observer, Probe  
  70  4:55  Sentry  
  70  4:57  Probe  
  75  5:06  Immortal  
  75  5:07  Probe, Shield Battery  
  76  5:09  Probe  
  76  5:10  Pylon  
  77  5:19  Probe  
  83  5:21  Probe  
  83  5:24  Pylon  
  83  5:26  Sentry  
  85  5:28  Sentry  
  85  5:31  Probe  
  85  5:33  Forge, Probe  
  85  5:34  Twilight Council  
  89  5:40  Protoss Ground Weapons Level 1  
  89  5:43  Probe  
  89  5:45  Probe  
  91  5:50  Probe  
  91  5:55  Probe  
  93  5:57  Probe, Assimilator  
  93  5:58  Immortal  
  93  6:01  Gateway, Assimilator  
  93  6:02  Probe, Gateway  
  95  6:05  Gateway  
  95  6:06  Charge, Gateway  
  95  6:07  Probe  
  100  6:11  Probe  
  101  6:20  Templar Archives  
  101  6:22  Probe, Pylon  
  101  6:23  Probe  
  103  6:31  Gateway  
  103  6:33  Phoenix, Warp Prism  
  103  6:35  Probe  
  103  6:36  Gateway  
  108  6:47  Gateway  
  108  6:48  Gateway  
  108  6:57  Photon Cannon  
  108  7:01  Photon Cannon  
  108  7:04  High Templar x4  
  116  7:08  Archon  
  116  7:10  Archon  
  116  7:13  Immortal  
  120  7:16  Pylon  
  120  7:18  Phoenix  
  120  7:22  Protoss Ground Weapons Level 2, Probe  
  122  7:24  Photon Cannon  
  122  7:27  Photon Cannon  
  122  7:29  Pylon  
  122  7:37  Pylon  
  122  7:42  Probe x2  
  124  7:47  Phoenix  
  124  7:51  Nexus, Probe  
  127  7:54  Probe, High Templar x2, Pylon  
  132  7:58  Shield Battery  
  132  8:01  Probe  
  132  8:03  Probe  
  134  8:09  High Templar x2, Zealot  
  142  8:16  Archon  
  142  8:17  Archon, Probe x2  
  142  8:20  Shield Battery  
  142  8:22  Probe, Shield Battery  
  142  8:24  Gateway  
  142  8:26  Gateway  
  143  8:31  High Templar x2  
  143  8:32  Photon Cannon  
  147  8:51  Zealot  
  147  8:52  Archon  
  149  8:56  Blink  
  149  8:58  Immortal  
  149  9:01  Assimilator  
  149  9:03  Pylon, Assimilator  
  149  9:06  Gateway, Pylon  
  149  9:08  High Templar  
  149  9:09  High Templar  
  157  9:14  Photon Cannon  
  155  9:26  Archon, Warp Prism  
  155  9:28  Pylon  
  155  9:37  High Templar  
  155  9:38  High Templar x2  
  163  9:39  High Templar  
  163  9:41  Zealot x4  
  163  9:42  Zealot x2  
  163  9:44  Archon x2  
  177  9:50  Pylon  
  177  9:51  Pylon  
  171  9:59  Warp Prism  
  156  10:16  Zealot x11  
  154  10:30  Photon Cannon  
  154  10:31  Photon Cannon  
  154  10:33  Photon Cannon  
  154  10:35  Photon Cannon  
  150  10:37  Stargate, Zealot x8  
  150  10:38  Zealot  
  140  10:45  Stargate  
  138  10:50  Photon Cannon  
  138  10:55  Photon Cannon  
  135  11:02  Templar Archives  
  131  11:06  Stalker x6  
  126  11:12  Stalker x6  
  115  11:33  Zealot x2  
  96  11:52  High Templar x2  
  92  11:56  Archon  
Show
View Real Time Build Order
Export as new Build Order

Solar Zerg - Winner!

Build Orders: Hatch First 

Get SALT Encoding   

  12  0:01  Drone  
  13  0:12  Overlord  
  13  0:17  Drone  
  14  0:31  Drone x2  
  16  0:48  Hatchery  
  15  0:51  Drone  
  15  0:55  Drone  
  17  0:59  Drone  
  18  1:09  Extractor  
  17  1:14  Spawning Pool  
  17  1:17  Drone  
  17  1:20  Drone  
  18  1:29  Drone  
  19  1:39  Drone  
  20  1:50  Overlord  
  20  2:04  Queen x2  
  20  2:05  Zergling x4  
  26  2:10  Drone  
  26  2:11  Drone  
  28  2:16  Metabolic Boost  
  30  2:22  Drone x2  
  30  2:38  Hatchery  
  30  2:40  Drone  
  30  2:43  Drone  
  31  2:46  Drone  
  31  2:49  Overlord  
  32  2:55  Queen  
  34  3:00  Drone x2  
  36  3:10  Drone x2  
  38  3:13  Drone x3  
  38  3:18  Drone x2  
  38  3:19  Overlord  
  43  3:22  Drone  
  44  3:31  Overlord  
  44  3:35  Spore Crawler  
  44  3:39  Queen  
  45  3:45  Drone x2  
  45  3:47  Zergling x4  
  49  3:50  Queen  
  49  3:51  Drone  
  49  3:52  Drone x3  
  55  3:59  Drone  
  55  4:02  Drone x2  
  55  4:05  Drone, Overlord  
  55  4:07  Drone  
  57  4:11  Spore Crawler  
  57  4:12  Drone  
  57  4:14  Drone  
  58  4:18  Overlord  
  58  4:19  Overlord  
  58  4:24  Drone x3  
  60  4:28  Spore Crawler  
  60  4:31  Zergling x4  
  60  4:34  Lair  
  61  4:39  Roach Warren  
  61  4:40  Drone x2  
  61  4:41  Extractor  
  61  4:42  Extractor, Drone  
  61  4:44  Drone  
  62  4:48  Drone  
  62  4:50  Drone x3  
  62  4:52  Drone  
  67  4:53  Drone x3  
  67  4:55  Overlord  
  67  4:57  Drone  
  67  4:59  Drone  
  72  5:00  Extractor  
  72  5:01  Drone  
  72  5:02  Drone  
  71  5:08  Drone x2  
  73  5:14  Drone  
  73  5:18  Extractor  
  73  5:20  Extractor  
  72  5:22  Drone x9  
  72  5:23  Overlord  
  81  5:30  Overlord  
  81  5:33  Overlord  
  81  5:35  Glial Reconstitution, Overseer  
  81  5:36  Spire  
  81  5:39  Zergling x4  
  81  5:42  Evolution Chamber, Overlord  
  79  5:46  Overlord  
  77  5:53  Drone x3  
  77  5:54  Drone x5  
  83  6:00  Drone  
  83  6:01  Drone  
  85  6:14  Hatchery  
  85  6:18  Zergling x10  
  89  6:26  Roach x3  
  94  6:35  Overlord  
  94  6:38  Roach x5  
  103  6:40  Drone x5  
  105  6:48  Drone x4  
  105  6:49  Drone  
  105  6:50  Baneling Nest  
  105  6:51  Overlord  
  105  6:52  Ravager  
  105  6:53  Ravager x2, Overseer  
  112  6:57  Zergling x6  
  112  6:59  Overlord  
  115  7:05  Mutalisk  
  117  7:13  Drone x3  
  117  7:14  Drone, Zergling x2  
  117  7:15  Overlord  
  122  7:18  Roach x3  
  122  7:22  Extractor  
  128  7:23  Zerg Missile Weapons Level 1  
  128  7:25  Extractor, Roach  
  128  7:26  Roach x4  
  128  7:28  Zerg Flyer Weapons Level 1  
  128  7:29  Roach x2  
  141  7:32  Overlord, Spore Crawler  
  133  7:38  Drone x3  
  133  7:41  Drone  
  133  7:42  Drone  
  138  7:45  Drone x5  
  138  7:48  Drone  
  138  7:50  Drone x2, Overlord x2  
  146  8:01  Zergling x14  
  153  8:10  Zergling x4  
  153  8:12  Overlord  
  155  8:13  Hatchery  
  155  8:14  Zergling x10  
  155  8:16  Overlord  
  159  8:20  Overlord x2  
  159  8:23  Overlord  
  159  8:24  Overlord  
  159  8:28  Overlord  
  159  8:34  Overlord  
  159  8:39  Overlord  
  159  8:45  Roach x5  
  169  8:55  Infestation Pit  
  160  9:02  Mutalisk x13  
  157  9:05  Overseer  
  183  9:10  Mutalisk x5  
  183  9:12  Mutalisk  
  183  9:14  Mutalisk  
  196  9:19  Mutalisk  
  196  9:20  Mutalisk x2  
  196  9:35  Mutalisk x2  
  196  9:37  Extractor x2  
  191  9:49  Mutalisk x4  
  199  9:53  Zerg Flyer Weapons Level 2  
  199  9:56  Zergling x2  
  199  9:57  Zergling x4  
  200  10:06  Mutalisk x4  
  192  10:09  Overlord  
  197  10:19  Mutalisk  
  197  10:25  Zergling x10  
  197  10:27  Queen, Zerg Melee Weapons Level 1  
  197  10:30  Mutalisk x2  
  197  10:34  Zergling x8  
  200  10:38  Zergling x6  
  199  10:49  Zergling x24  
  200  10:51  Overlord  
  187  10:57  Zergling x10  
  187  11:01  Mutalisk x2  
  182  11:09  Zergling x14  
  182  11:11  Mutalisk  
  172  11:15  Zergling x4  
  167  11:18  Zergling x6  
  149  11:30  Zergling x2  
  149  11:31  Zergling x2  
  148  11:33  Zergling x2  
  148  11:38  Zergling x2  
  134  11:40  Zergling x2  
  134  11:42  Mutalisk x2  
  80  12:03  Zergling x4  
  80  12:04  Zergling x14  
  63  13:04  Zergling x6  
  51  13:07  Zergling x2  
  52  13:16  Zergling x2  
Tags
 
Add a new tag
Caveats
  • Supply blocks, unpowered buildings, or Contaminate may cause inaccurate times.
  • Supply counts are checked every 10 seconds.